 Dungeon Crawl Stone Soup version 0.30-a0-782-ge64f9170bb (webtiles) character file.

Game seed: 16746676191565534041

4308 theswoord the Cleaver (level 10, -7/62 (73) HPs)
             Began as a Demonspawn Gladiator on Feb 20, 2023.
             Was a Believer of Kikubaaqudgha.
             Mangled by a two-headed ogre
             ... wielding a +0 giant club
              (28 damage)
             ... on level 9 of the Dungeon.
             The game lasted 00:13:15 (9738 turns).

theswoord the Cleaver (Demonspawn Gladiator)        Turns: 9738, Time: 00:13:15

HP:   -7/62 (73)    AC: 11    Str: 19    XL:     10   Next: 11%
MP:   10/10         EV: 12    Int:  9    God:    Kikubaaqudgha [**....]
Gold: 491           SH:  4    Dex: 15    Spells: 5/9 levels left

rFire   . . .      SeeInvis .    u - +0 war axe (flame)
rCold   . . .      Faith    .    (no shield)
rNeg    . . .      Spirit   .    w - +0 steam dragon scales
rPois   .          Reflect  .    m - +1 helmet
rElec   .          Harm     .    B - +1 cloak
rCorr   .          Rampage  .    h - +0 pair of gloves
Will    .....                    s - +0 pair of boots
Stlth   +                        (no amulet)
HPRegen 0.30/turn                (no ring)
MPRegen 0.12/turn                (no ring)

@: heavily drained
A: claws 1, demonic guardian 2, condensation shield
a: Renounce Religion, Unearth Wretches


You were on level 9 of the Dungeon.
You worshipped Kikubaaqudgha.
Kikubaaqudgha was pleased with you.
You visited 1 branch of the dungeon, and saw 9 of its levels.
You also visited: Sewer.

You collected 491 gold pieces.

Inventory:

Hand Weapons
 a - a +1 war axe of chaos
 u - a +0 war axe of flaming (weapon)
 D - a +5 battleaxe
Missiles
 e - a javelin
Armour
 b - a +0 leather armour
 c - a +0 helmet
 h - a +0 pair of gloves (worn)
 m - a +1 helmet (worn)
 s - a +0 pair of boots (worn)
 w - +0 steam dragon scales (worn)
 B - a +1 cloak (worn)
Jewellery
 t - a ring of poison resistance
 F - a +6 ring of strength
 H - an amulet of faith
Wands
 o - a wand of digging (5)
 G - a wand of mindburst (5)
Scrolls
 f - 9 scrolls of identify
 k - 3 scrolls of immolation
 n - a scroll of brand weapon
 p - 7 scrolls of teleportation
 q - 5 scrolls of fear
 y - a scroll of fog
 A - 2 scrolls of poison {unknown}
 E - a scroll of enchant armour {unknown}
 I - 2 scrolls of amnesia
Potions
 g - a potion of mutation
 i - 4 potions of curing
 j - a potion of invisibility
 l - 3 potions of haste
 r - 3 potions of attraction
 v - 2 potions of cancellation {unknown}
 x - a potion of brilliance {unknown}
 z - a potion of magic {unknown}
 C - 2 potions of lignification


   Skills:
 + Level 4.4 Fighting
 + Level 11.0 Axes
 - Level 1.7 Throwing
 - Level 2.6 Dodging
 + Level 8.9 Necromancy


You had 5 spell levels left.
You knew the following spells:

 Your Spells              Type           Power      Damage    Failure   Level
a - Animate Dead          Necr           16%        N/A       11%         4

Your spell library contained the following spells:

 Spells                   Type           Power      Damage    Failure   Level
 Necrotise                Necr           64%        1d7       1%          1
 Vampiric Draining        Necr           16%        2d7       3%          3
 Cigotuvi's Dreadful Rot  Necr/Pois/Air  10%        N/A       19%         2
 Call Canine Familiar     Summ           0%         N/A       77%         3
 Portal Projectile        Hex/Tloc       0%         N/A       77%         3
 Teleport Other           Tloc           0%         N/A       77%         3
 Leda's Liquefaction      Hex/Erth       0%         N/A       99%         4
 Haunt                    Necr/Summ      4%         N/A       100%        7
 Malign Gateway           Summ/Tloc      0%         N/A       100%        7
 Infestation              Necr           8%         N/A       100%        8


Dungeon Overview and Level Annotations

Branches:
Dungeon (9/15)             Temple (0/1) D:4           Sewer (visited)
   Lair: D:8-11         Orc: D:9-12

Altars:
Cheibriados
Fedhas
Gozag
Hepliaklqana
Kikubaaqudgha
Qazlal
Ru
Sif Muna
Trog
Uskayaw
Vehumet
Yredelemnul

Portals:
Abyss: D:7

Annotations:
D:7 2 transporters, rlgrobin's ghost, novice MeFi


Innate Abilities, Weirdness & Mutations

You have sharp fingernails.
A demonic guardian rushes to your aid.
A meltable shield of frost defends you. (SH +4)


Message History

The two-headed ogre attacks as you move away!
The two-headed ogre hits you with a +0 giant club!
* * * LOW HITPOINT WARNING * * *
The two-headed ogre hits you with a +0 giant club!
* * * LOW HITPOINT WARNING * * *
What are your orders? t - Shout!
Orders for allies: a - Attack new target. r - Retreat! s - Stop attacking. g - Guard the area. f - Follow me.
Anything else - Cancel.
Gang up on whom?
Aim: a two-headed ogre, wielding two +0 giant clubs (ally target) Attack!
Okay, then.
Throw: throwing net
Aim: a two-headed ogre, wielding two +0 giant clubs (ally target, 75% to hit)
You throw a throwing net.
The throwing net hits the two-headed ogre.
The two-headed ogre is caught in the net!
The two-headed ogre struggles against the net.
Your gnoll zombie hits the two-headed ogre but does no damage. x2
You strike the helpless two-headed ogre from behind!
You hit the two-headed ogre. You burn the two-headed ogre.
The two-headed ogre struggles against the net.
Your gnoll zombie hits the two-headed ogre. x2
You hit the two-headed ogre but do no damage.
The two-headed ogre struggles against the net.
Your gnoll zombie hits the two-headed ogre.
You hit the two-headed ogre. You burn the two-headed ogre.
The two-headed ogre struggles against the net.
Your gnoll zombie hits the two-headed ogre.
You slash the two-headed ogre! You burn the two-headed ogre.
The two-headed ogre struggles against the net.
The net rips apart, and the two-headed ogre comes free!
Your gnoll zombie hits the two-headed ogre but does no damage. x2
You slash the two-headed ogre! You burn the two-headed ogre.
The two-headed ogre hits you with a +0 giant club!!
You die...
Kikubaaqudgha rasps: "You have failed me!
Welcome... death!"

#.# #.# #.# #+## #.#
##...## ###.# ##.....##
##.#.# ##.......##
#######....###..Z......#
.............'.ZO......+
#######....###..@......#
#.......#.......##
##.##.##.##.....##
#))...##.###...##
#).#####. #+## ...... #.
###..##.≈ #... §# #....
#


You could see a two-headed ogre (ally target) and 2 friendly gnoll zombies.

Vanquished Creatures
  2 wyverns (D:8)
  Menkaure (D:4)
  Duvessa (D:4)
  A sky beast (D:7)
  2 ice beasts
  2 black bears
  Pargi (Sewer)
  An orc warrior (D:6)
  3 ogres
  A centaur (D:8)
  2 phantoms (D:6)
  A kobold brigand (D:6)
  2 bullfrogs
  A scorpion (D:6)
  A necrophage (D:4)
  2 wights (D:8)
  Dowan (D:4)
  A howler monkey (D:8)
  Crazy Yiuf (D:5)
  A gnoll bouda (D:9)
  3 orc priests
  3 hounds (D:4)
  3 jellies
  Terence (D:3)
  5 iguanas
  6 orc wizards
  6 gnolls
  5 adders
  A shadow imp (D:6)
  4 white imps
  2 ufetubi
  2 worms (D:2)
  2 dart slugs
  27 orcs
  4 ball pythons
  19 endoplasms
  4 giant cockroaches
  7 goblins
  A hobgoblin (D:1)
  7 quokkas
  2 bats (D:3)
  5 frilled lizards
  11 kobolds
  3 rats
  A spectral orc (D:8)
162 creatures vanquished.

Vanquished Creatures (collateral kills)
  A cyclops (D:9)
  A slime creature (D:9)
  A wyvern (D:9)
  A steam dragon (D:7)
  An orc warrior (D:6)
  3 wights (D:8)
  5 jellies (D:9)
  4 orcs
  2 endoplasms (D:9)
19 creatures vanquished.

Vanquished Creatures (others)
  A human (D:4)
  A gnoll zombie (D:9)
  7 fungi (D:9)
9 creatures vanquished.

Grand Total: 190 creatures vanquished

Notes
Turn   | Place    | Note
-------+----------+-------------------------------------------
     0 | D:1      | theswoord the Demonspawn Gladiator began the quest for the
                  | Orb.
     0 | D:1      | Reached XP level 1. HP: 16/16 MP: 1/1
   161 | D:1      | Reached skill level 3 in Axes
   220 | D:1      | You fall into a shaft and drop 1 floor!
   261 | D:1      | Gained mutation: You have sharp fingernails. [demonic
                  | ancestry]
   261 | D:1      | Reached XP level 2. HP: 21/22 MP: 2/2
   494 | D:1      | Found a faded altar of an unknown god.
   983 | D:2      | Identified the +1 robe of the Stone Wall {rPois rCorr
                  | Int-5}
  1011 | D:2      | Identified the +3 ring mail "Safyil" {Drain *Slow rN+++
                  | Regen+}
  1125 | D:2      | Reached XP level 3. HP: 26/27 MP: 3/3
  1267 | D:2      | Reached skill level 4 in Axes
  1551 | D:3      | Found a stormy altar of Qazlal.
  1596 | D:3      | Found a snail-covered altar of Cheibriados.
  1678 | D:3      | Found an opulent altar of Gozag.
  2036 | D:3      | Noticed Terence
  2043 | D:3      | Killed Terence
  2044 | D:3      | Reached XP level 4. HP: 13/33 MP: 4/4
  2261 | D:4      | Noticed a black bear
  2268 | D:4      | Killed a black bear
  2269 | D:4      | Reached skill level 5 in Axes
  2269 | D:4      | Reached XP level 5. HP: 7/38 MP: 5/5
  2395 | D:4      | Reached skill level 6 in Axes
  2598 | D:4      | Noticed Menkaure
  2602 | D:4      | Killed Menkaure
  2603 | D:4      | Reached XP level 6. HP: 22/44 MP: 6/6
  2730 | D:4      | Noticed Duvessa
  2730 | D:4      | Noticed Dowan
  2751 | D:4      | Killed Dowan
  2756 | D:4      | HP: 3/66 [Duvessa/+0 short sword (4)]
  2759 | D:4      | Killed Duvessa
  2760 | D:4      | Reached skill level 7 in Axes
  2760 | D:4      | Gained mutation: A weak demonic guardian rushes to your
                  | aid. [demonic ancestry]
  2760 | D:4      | Reached XP level 7. HP: 6/50 MP: 7/7
  3511 | D:4      | Found an ancient bone altar of Kikubaaqudgha.
  3512 | D:4      | Noticed a human
  3514 | D:4      | Killed a human
  3517 | D:4      | Became a worshipper of Kikubaaqudgha
  3681 | D:4      | Found a staircase to the Ecumenical Temple.
  3688 | D:4      | Reached skill level 8 in Axes
  3770 | D:5      | Entered Level 5 of the Dungeon
  3788 | D:5      | Reached skill level 1 in Necromancy
  4234 | D:5      | Found a glowing drain.
  4257 | Sewer    | Entered a sewer
  4332 | Sewer    | Noticed Pargi
  4356 | Sewer    | Killed Pargi
  4357 | Sewer    | Gained mutation: A demonic guardian rushes to your aid.
                  | [demonic ancestry]
  4357 | Sewer    | Reached XP level 8. HP: 28/56 MP: 8/8
  4664 | D:5      | Found a runed translucent door.
  4665 | D:5      | Noticed Crazy Yiuf
  4746 | D:5      | Found a radiant altar of Vehumet.
  5004 | D:5      | Killed Crazy Yiuf
  5539 | D:6      | Learned a level 4 spell: Animate Dead
  5560 | D:6      | Got the Dissertation on Elsewhere
  5638 | D:6      | Found a hide-covered altar of Uskayaw.
  5650 | D:6      | Reached skill level 9 in Axes
  5664 | D:6      | Reached * piety under Kikubaaqudgha
  5664 | D:6      | Received a gift from Kikubaaqudgha
  5665 | D:6      | Reached skill level 5 in Necromancy
  6404 | D:6      | Reached XP level 9. HP: 51/61 MP: 9/9
  6624 | D:7      | Found a sacrificial altar of Ru.
  6678 | D:7      | Found a transporter.
  6885 | D:7      | Identified the +8 hand axe "Qogoesch" {heavy, Str+7}
  7052 | D:7      | Found a transporter.
  7056 | D:7      | Noticed a red ugly thing
  7091 | D:7      | Noticed rlgrobin's ghost (novice MeFi)
  7096 | D:7      | Found a one-way gate to the infinite horrors of the Abyss.
  7114 | D:7      | Reached skill level 10 in Axes
  7459 | D:8      | Found a blossoming altar of Fedhas.
  7557 | D:8      | Found a shimmering blue altar of Sif Muna.
  7872 | D:8      | Found a bloodstained altar of Trog.
  8490 | D:8      | Found a basalt altar of Yredelemnul.
  8550 | D:9      | Noticed a cyclops
  8562 | D:9      | Killed a cyclops
  8871 | D:9      | Gained mutation: A meltable shield of frost defends you.
                  | (SH +4) [demonic ancestry]
  8871 | D:9      | Reached XP level 10. HP: 16/71 MP: 10/10
  9064 | D:9      | Found a hazy altar of Hepliaklqana.
  9282 | D:9      | Reached ** piety under Kikubaaqudgha
  9290 | D:9      | Reached skill level 11 in Axes
  9726 | D:9      | Noticed a two-headed ogre
  9738 | D:9      | Mangled by a two-headed ogre

Skill      XL: |  1  2  3  4  5  6  7  8  9 10 |
---------------+-------------------------------+-----
Axes           | 3 4 5 6 7 8 9 10 11 | 11.0
Necromancy     | 3 6 8 |  8.9
Fighting       | 4 |  4.4
Throwing       | |  1.7
Dodging        | |  2.6

Action                     |  1- 3 |  4- 6 |  7- 9 | 10-12 || total
---------------------------+-------+-------+-------+-------++-------
  Melee: War axe           |    73 |    55 |   335 |    44 ||   507
         Punch             |       |     2 |     2 |     1 ||     5
  Throw: Throwing net      |     1 |       |     2 |     1 ||     4
   Cast: Animate Dead      |       |       |       |     1 ||     1
  Evoke: Wand              |       |       |     7 |       ||     7
    Use: Scroll            |     7 |       |     7 |       ||    14
         Potion            |       |     6 |     2 |       ||     8
   Stab: Invisible         |       |     5 |       |       ||     5
         Confused          |       |       |     1 |       ||     1
         Distracted        |       |       |     1 |       ||     1
         Held in net/web   |       |       |       |     1 ||     1
 Armour: Leather armour    |    20 |    20 |   114 |       ||   154
         Skin              |       |    11 |       |       ||    11
         Steam dragon scal |       |       |    25 |    12 ||    37
  Dodge: Dodged            |    37 |    29 |   215 |    12 ||   293
  Block: Other             |       |       |       |     4 ||     4

Levels and vault maps discovered:
D:1:      saegor_arrival_under_anarchy, layout_basic, serial_glass,
          glass_columns_a, glass_columns_a, dilly_ecumenical_altar_fadedgnrine
D:2:      layout_rooms, kennysheep_cross_room, nrook_uturn,
          minmay_split_cup_small
D:3:      layout_loops_ring, mainiacjoe_overflow_small_starburst,
          nicolae_gozag_seed_capital, nicolae_overflow_hidden_temple,
          uniq_terence
D:4:      layout_basic, tgw_kikubaaqudgha, minmay_temple_entry_fiery,
          chequers_serial_rivers_micro_d, minmay_starry_boxes, uniq_menkaure,
          uniq_duvessa
D:5:      layout_loops_ring, lemuel_coloured_pillars_altar,
          portal_sewer_entry_f, uniq_crazy_yiuf_cottage
D:6:      layout_basic, mainiacjoe_overflow_concentric_impassable
D:7:      layout_gridville, nicolae_ru_path_of_blood,
          gammafunk_ghost_abyssal_escape
D:8:      layout_loops_ring, lemuel_doored_altar, mainiacjoe_overflow_chevrons,
          mainiacjoe_overflow_paths, yredelemnul_forgotten_temple_becter
D:9:      lemuel_slime, layout_loops_corners, nicolae_hepliaklqana_hazy_memory,
          lightli_temple_of_fire
